[Event "*** Titled Tuesday Blitz"]
[Site "Chess.com"]
[Date "2021.04.27"]
[Round "5"]
[White "muthaiahchess"]
[Black "Savagelittlemole"]
[Result "1-0"]
[WhiteElo "2396"]
[BlackElo "2522"]
[TimeControl "180+1"]
[EndTime "10:54:20 PDT"]
[Termination "muthaiahchess won by resignation"]

1. b3 e5 2. Bb2 Nc6 3. e3 a6 4. c4 Nf6 5. a3 Bc5 6. d3 O-O 7. Nf3 Re8 8. Nbd2 d5 9. cxd5 Nxd5 10. Nc4 f6 11. Rc1 Ba7 12. Qc2 Be6 13. Be2 Qd7 14. O-O a5 15. Rfd1 Qf7 16. d4 exd4 17. Nxd4 Nxd4 18.
Bxd4 Bxd4 19. Rxd4 c5 20. Nd6 Qe7 21. Qxc5 Red8 22. Rxd5 Bxd5 23. Qxd5+ Kf8 24. Bc4 1-0

[Event "*** Titled Tuesday Blitz"]
[Site "Chess.com"]
[Date "2021.04.27"]
[Round "5"]
[White "viktorgen2021"]
[Black "Agoking701"]
[Result "0-1"]
[WhiteElo "2379"]
[BlackElo "2263"]
[TimeControl "180+1"]
[EndTime "10:54:21 PDT"]
[Termination "Agoking701 won by resignation"]

1. d4 Nf6 2. Nf3 g6 3. c4 Bg7 4. Nc3 O-O 5. g3 d6 6. Bg2 c6 7. O-O Qa5 8. e4 Qh5 9. Ng5 Bg4 10. Qd3 h6 11. Nf3 Nbd7 12. Ne1 e5 13. f3 exd4 14.
fxg4 Nxg4 15. h3 dxc3 16. hxg4 cxb2 17. Bxb2 Qc5+ 18. Kh2 Bxb2 19. Rb1 Ne5 20. Qc2 Nxg4+ 21. Kh1 Qh5+ 22. Bh3 Qxh3+ 23. Kg1 Bd4+ 24. Rf2 Nxf2 25. Nf3 Qxg3+ 26. Kf1 Qxf3 27. Rxb7 Nd3+ 0-1

[Event "*** Titled Tuesday Blitz"]
[Site "Chess.com"]
[Date "2021.04.27"]
[Round "5"]
[White "Dyadya81"]
[Black "Kozok"]
[Result "1-0"]
[WhiteElo "2721"]
[BlackElo "2531"]
[TimeControl "180+1"]
[EndTime "10:54:22 PDT"]
[Termination "Dyadya81 won by resignation"]

1. e4 c5 2. Nf3 e6 3. d4 cxd4 4.
Nxd4 Nf6 5. Nc3 Nc6 6. Nxc6 bxc6 7. Bd3 d5 8. O-O Be7 9. Qf3 e5 10. Bg5 Be6 11. exd5 Nxd5 12. Bxe7 Qxe7 13. Rfe1 f6 14. Qe4 g6 15. Bc4 Rd8 16. Rad1 Qf7 17. Bxd5 Bxd5 18.
Qb4 Qe7 19. Qxe7+ Kxe7 20. f4 Ke6 21. fxe5 fxe5 22. Na4 Bxa2 23. b3 Rxd1 24. Rxd1 Rb8 25. Ra1 Bxb3 26. Nc5+ Kd5 27. Nxb3 Rb7 28. Rd1+ Kc4 29.
Na5+ 1-0

[Event "*** Titled Tuesday Blitz"]
[Site "Chess.com"]
[Date "2021.04.27"]
[Round "5"]
[White "VladimirBugayev"]
[Black "c_r_e_e_p_e_r"]
[Result "0-1"]
[WhiteElo "2246"]
[BlackElo "2394"]
[TimeControl "180+1"]
[EndTime "10:54:22 PDT"]
[Termination "c_r_e_e_p_e_r won by resignation"]

1. e4 c5 2. Nc3 e6 3. f4 a6 4. Nf3 b5 5. g3 Bb7 6. Bg2 b4 7. Ne2 Bxe4 8. O-O Nf6 9. d4 Bb7 10.
c3 a5 11. h3 Be7 12. Be3 Na6 13. g4 O-O 14. Ng3 bxc3 15. bxc3 cxd4 16. cxd4 Nd5 17. Bd2 d6 18. Qe1 Nab4 19. Ne4 Nc2 20. Qg3 Nxa1 21.
Rxa1 Qb6 22. Kh2 Rfc8 23. Rf1 Rc2 24. Rf2 Rac8 25. a3 Nf6 26. Nfg5 h6 27. Nxf6+ Bxf6 28. Ne4 Bxd4 29. Re2 Bxe4 30. Bxe4 Rb2 31. Qd3 d5 32. Bg2 Rcc2 0-1

[Event "*** Titled Tuesday Blitz"]
[Site "Chess.com"]
[Date "2021.04.27"]
[Round "5"]
[White "LamaChampetre"]
[Black "annacramling"]
[Result "1-0"]
[WhiteElo "2213"]
[BlackElo "2072"]
[TimeControl "180+1"]
[EndTime "10:54:25 PDT"]
[Termination "LamaChampetre won by resignation"]

1. d4 Nf6 2. c4 e6 3. Nf3 d5 4. g3 Be7 5. Bg2 O-O 6. O-O c6 7. Qc2 Nbd7 8. Nbd2 Re8 9. e4 dxe4 10. Nxe4 Nxe4 11. Qxe4 c5 12. b3 cxd4 13. Nxd4 Nc5 14. Qe3 Bg5 15. Qxg5 Qxd4 16. Be3 Ne4 17. Qf4 Qxa1 18.
Rxa1 Nc3 19. Qf3 e5 20. Bd2 e4 21. Qxc3 1-0

[Event "*** Titled Tuesday Blitz"]
[Site "Chess.com"]
[Date "2021.04.27"]
[Round "5"]
[White "jraosam"]
[Black "SargissyanSargis"]
[Result "0-1"]
[WhiteElo "1860"]
[BlackElo "2356"]
[TimeControl "180+1"]
[EndTime "10:54:26 PDT"]
[Termination "SargissyanSargis won by checkmate"]

1. c4 Nf6 2. Nc3 d5 3. cxd5 Nxd5 4. e4 Nxc3 5. bxc3 g6 6. d4 Bg7 7. Nf3 c5 8. Be3 O-O 9. Be2 Nc6 10. O-O Qa5 11.
d5 Ne5 12. Nxe5 Bxe5 13. c4 f5 14. exf5 Bxf5 15. g4 Bd7 16. Rb1 b6 17. f4 Bg7 18.
Bd3 Qxa2 19. f5 gxf5 20. gxf5 Kh8 21. Kh1 Rg8 22. f6 Bxf6 23. Bxh7 Qg2# 0-1

[Event "*** Titled Tuesday Blitz"]
[Site "Chess.com"]
[Date "2021.04.27"]
[Round "5"]
[White "GelmanAlexander"]
[Black "K_A_S_T_O_R"]
[Result "0-1"]
[WhiteElo "2597"]
[BlackElo "2781"]
[TimeControl "180+1"]
[EndTime "10:54:30 PDT"]
[Termination "K_A_S_T_O_R won by resignation"]

1. d4 Nf6 2. Nc3 d6 3. e4 Nbd7 4. g4 h6 5. h3 e5 6. Nge2 c6 7. Bg2 b5 8. Ng3 b4 9. Nce2 a5 10. O-O Ba6 11. f4 exd4 12. Qxd4 d5 13. Be3 Bc5 14. Qd2 Qb6 15. Bxc5 Qxc5+ 16. Kh1 dxe4 17. Rae1 O-O 18. g5 hxg5 19. fxg5 e3 20. Qc1 Nd5 21.
Rf5 g6 22. Rff1 Qe7 23. c4 bxc3 24. bxc3 Qxg5 25. Ne4 Qe5 26. c4 N5f6 27. Qxe3 Nxe4 28. Bxe4 Rae8 29. Ng3 Bxc4 30. Rf3 Bd5 31. Qd3 Nc5 32. Qc2 Nxe4 0-1

[Event "*** Titled Tuesday Blitz"]
[Site "Chess.com"]
[Date "2021.04.27"]
[Round "5"]
[White "Chandradi"]
[Black "WuinaterJr"]
[Result "1-0"]
[WhiteElo "2380"]
[BlackElo "2522"]
[TimeControl "180+1"]
[EndTime "10:54:32 PDT"]
[Termination "Chandradi won by resignation"]

1. c4 c5 2. g3 Nf6 3. Bg2 g6 4. Nc3 Bg7 5. Nf3 O-O 6. O-O Nc6 7. d4 cxd4 8. Nxd4 a6 9. e3 Ne5 10. b3 d6 11. Bb2 Rb8 12. h3 Bd7 13. Qe2 Re8 14. Rfd1 Qc8 15. Kh2 h5 16. Rac1 Nc6 17.
Nf3 Qd8 18. Nd5 Nxd5 19. cxd5 Na7 20. Bxg7 Kxg7 21. Qd3 Kg8 22. Qd4 Nb5 23. Qf4 Qa5 24. Qh6 f6 25. Qxg6+ Kf8 26. Qh6+ Kg8 27. Qg6+ Kf8 28.
Qxh5 Rec8 29. Nh4 Qxa2 30. Qh8+ Kf7 31. Qh7+ Kf8 32. Ng6+ 1-0

[Event "*** Titled Tuesday Blitz"]
[Site "Chess.com"]
[Date "2021.04.27"]
[Round "5"]
[White "Sergey85Rodchenkov"]
[Black "Korchmar_Vasiliy"]
[Result "1-0"]
[WhiteElo "2528"]
[BlackElo "2689"]
[TimeControl "180+1"]
[EndTime "10:54:33 PDT"]
[Termination "Sergey85Rodchenkov won by resignation"]

1. e4 c5 2. Nf3 d6 3. d4 cxd4 4. Nxd4 Nf6 5. Nc3 Nc6 6. Bc4 e6 7. O-O a6 8. Bb3 Be7 9. Kh1 O-O 10. f4 Na5 11. e5 dxe5 12. fxe5 Nd7 13. Be3 Nxb3 14.
axb3 Nxe5 15. Qh5 Ng6 16. Rf3 e5 17. Nf5 Bxf5 18. Rxf5 Rc8 19. Raf1 b5 20. R5f2 Bc5 21. Bxc5 Rxc5 22. Ne4 Rd5 23. Ng5 h6 24. Nxf7 Qb6 25. Nxh6+ gxh6 26. Rxf8+ Nxf8 27. Qf7+ Kh8 28. Qxf8+ Kh7 29.
Qf7+ Kh8 30. Qxd5 1-0

[Event "*** Titled Tuesday Blitz"]
[Site "Chess.com"]
[Date "2021.04.27"]
[Round "5"]
[White "MarkoPe"]
[Black "martinique24"]
[Result "0-1"]
[WhiteElo "2256"]
[BlackElo "2423"]
[TimeControl "180+1"]
[EndTime "10:54:33 PDT"]
[Termination "martinique24 won by checkmate"]

1. e4 c6 2. d4 d5 3. e5 Bf5 4.
h4 h6 5. g4 Bd7 6. f4 c5 7. c3 Nc6 8. Be3 h5 9. f5 Qb6 10. b3 cxd4 11. cxd4 Nxe5 12. dxe5 Qxe3+ 13. Be2 hxg4 14. Qxd5 Bc6 15. Qa5 Bxh1 16. Na3 Qxg1+ 17. Kd2 Qd4+ 18. Bd3 Qxa1 19. Bb5+ Bc6 20. Bxc6+ bxc6 21. Qc7 Qd4+ 22. Kc2 Qd7 23. Qa5 Rd8 24. Nc4 Rxh4 25. e6 Rh2+ 26. Kb1 Qd1# 0-1

[Event "*** Titled Tuesday Blitz"]
[Site "Chess.com"]
[Date "2021.04.27"]
[Round "5"]
[White "miragha_yev"]
[Black "MITerryble"]
[Result "0-1"]
[WhiteElo "2740"]
[BlackElo "2897"]
[TimeControl "180+1"]
[EndTime "10:54:34 PDT"]
[Termination "MITerryble won by resignation"]

1. c4 e5 2. Nc3 Nc6 3. Nf3 f5 4. d4 e4 5. Ng5 h6 6. Nh3 g5 7. g3 Bg7 8. e3 Nf6 9. Bg2 O-O 10. O-O d6 11. Rb1 a5 12. a3 Ne7 13.
b4 axb4 14. axb4 d5 15. cxd5 Nexd5 16. Nxd5 Nxd5 17. Bd2 Be6 18. Kh1 Qd7 19. Ng1 b5 20. Ne2 Nb6 21. f3 exf3 22. Bxf3 Bd5 23. Nc3 Bxf3+ 24. Qxf3 c6 25. Ra1 Rxa1 26. Rxa1 Nc4 27. Bc1 f4 28. gxf4 gxf4 29. exf4 Qxd4 30. Qxc6 Qxc3 31. Qd5+ Kh8 0-1

[Event "*** Titled Tuesday Blitz"]
[Site "Chess.com"]
[Date "2021.04.27"]
[Round "5"]
[White "rpragchess"]
[Black "suyu28"]
[Result "1-0"]
[WhiteElo "2895"]
[BlackElo "2629"]
[TimeControl "180+1"]
[EndTime "10:54:34 PDT"]
[Termination "rpragchess won by resignation"]

1. Nf3 d5 2. b3 Nf6 3. Bb2 c6 4. g3 Bf5 5. Bg2 e6 6. d3 h6 7.
Nbd2 Nbd7 8. O-O Bd6 9. e4 Bg4 10. h3 Bxf3 11. Nxf3 Qc7 12. exd5 cxd5 13. c4 O-O 14.
Nd4 a6 15. cxd5 Nxd5 16. Bxd5 exd5 17. Rc1 Qd8 18. Qf3 Ne5 19. Qxd5 Nxd3 20. Ne6 Qe7 21. Nxf8 Nxc1 22. Ng6 Ne2+ 23. Kg2 Qg5 24. Qxd6 Qxg6 25. Qe5 Qc6+ 26. Kh2 1-0

[Event "*** Titled Tuesday Blitz"]
[Site "Chess.com"]
[Date "2021.04.27"]
[Round "5"]
[White "alejogarcia1999"]
[Black "blitzking1729"]
[Result "0-1"]
[WhiteElo "2479"]
[BlackElo "2669"]
[TimeControl "180+1"]
[EndTime "10:54:36 PDT"]
[Termination "blitzking1729 won by resignation"]

1. d4 d6 2. g3 Nf6 3. Bg2 g6 4. Nf3 Bg7 5. c4 O-O 6. O-O c5 7. Nc3 cxd4 8. Nxd4 Nc6 9. e3 Nxd4 10. exd4 Qc7 11. b3 a6 12. Bb2 Rb8 13. Qe2 Re8 14. Rac1 Bg4 15. f3 Bd7 16. Ne4 Rbc8 17. d5 b5 18.
cxb5 Qb6+ 19. Qf2 Qxb5 20. Nxf6+ Bxf6 21. Bxf6 exf6 22. Qd4 Kg7 23. Rfe1 Qa5 24. Qf2 Bb5 25. Rxc8 Rxe1+ 26. Bf1 Rxf1+ 0-1

[Event "*** Titled Tuesday Blitz"]
[Site "Chess.com"]
[Date "2021.04.27"]
[Round "5"]
[White "Konavets"]
[Black "CSB7"]
[Result "1-0"]
[WhiteElo "2943"]
[BlackElo "2740"]
[TimeControl "180+1"]
[EndTime "10:54:38 PDT"]
[Termination "Konavets won by checkmate"]

1. e4 c6 2. d4 d5 3. Nc3 dxe4 4. Nxe4 Bf5 5. Ng3 Bg6 6. h4 h6 7. Nf3 e6 8. Ne5 Bh7 9. Bd3 Bxd3 10. Qxd3 Nd7 11. f4 Be7 12. Nh5 Ngf6 13. Nxg7+ Kf8 14. Nxe6+ fxe6 15. Ng6+ Kg7 16. Bd2 h5 17. Nxh8 Qxh8 18. O-O-O Qh7 19. Qb3 Qf5 20. Rhe1 Kf7 21. Qxb7 Rg8 22.
Qxc6 Qd5 23. Qxd5 exd5 24. Re2 Ne4 25. Be1 Rg4 26. c4 Bxh4 27. Bxh4 Rxh4 28. c5 Rxf4 29. Kc2 Nb8 30. b4 a6 31. a4 Ke6 32. b5 axb5 33.
axb5 Kd7 34. Ra1 Rg4 35. Ra7+ Kc8 36. Kb3 Nd7 37. Rea2 h4 38. Ra8+ Kc7 39. R2a7# 1-0

[Event "*** Titled Tuesday Blitz"]
[Site "Chess.com"]
[Date "2021.04.27"]
[Round "5"]
[White "korkmaz16"]
[Black "nicoderboss24"]
[Result "1-0"]
[WhiteElo "2419"]
[BlackElo "2252"]
[TimeControl "180+1"]
[EndTime "10:54:41 PDT"]
[Termination "korkmaz16 won by resignation"]

1. e4 c5 2. Nc3 Nc6 3. f4 g6 4.
Nf3 Bg7 5. Bb5 Nd4 6. O-O Nxb5 7.
Nxb5 d6 8. d4 a6 9. Nc3 cxd4 10.
Nxd4 Nf6 11. f5 O-O 12. Be3 Qc7 13. Kh1 b5 14. a3 Bb7 15. Qd3 Rac8 16. Rae1 Nd7 17.
Bg5 Ne5 18. Qh3 Nc4 19. f6 exf6 20. Bxf6 Nxb2 21. Nd5 Bxd5 22. exd5 Bxf6 23. Rxf6 Qc3 24. Qxc3 Rxc3 25. Rxd6 Rxa3 26. Rd7 Nc4 27. h4 h5 28.
d6 Nb6 29. Rb7 Nd5 30. d7 Rc3 31. Re8 Nc7 32. Rxc7 Rxc7 33. Rxf8+ 1-0

[Event "*** Titled Tuesday Blitz"]
[Site "Chess.com"]
[Date "2021.04.27"]
[Round "5"]
[White "AungTZ"]
[Black "NiranjanNavalgund"]
[Result "0-1"]
[WhiteElo "2165"]
[BlackElo "2473"]
[TimeControl "180+1"]
[EndTime "10:54:42 PDT"]
[Termination "NiranjanNavalgund won by resignation"]

1. e4 e5 2. Nf3 Nc6 3. d4 exd4 4.
Nxd4 Bc5 5. Nb3 Bb6 6. a4 a5 7. Bc4 Nf6 8. Nc3 h6 9. O-O O-O 10. Kh1 d6 11. h3 Be6 12. Bd5 Bxd5 13. exd5 Ne7 14. Be3 Bxe3 15. fxe3 Ng6 16. e4 Qe7 17. Qd3 Qe5 18. Rf5 Qe7 19. Raf1 Nh7 20. Nd4 Ne5 21.
Qe2 g6 22. R5f4 Kh8 23. b3 Qg5 24. Qf2 Kg8 25. Ncb5 Qe7 26. c4 Nd3 27. Qe3 Nxf4 28. Qxf4 Rae8 29. Nc3 Qg5 30. Qf2 Kg7 31. Ndb5 Qe5 32.
Nxc7 Re7 33. N7b5 f5 34. Nd4 fxe4 35. Qe1 Rxf1+ 36. Qxf1 Qxd4 0-1

[Event "*** Titled Tuesday Blitz"]
[Site "Chess.com"]
[Date "2021.04.27"]
[Round "5"]
[White "harlem4brew"]
[Black "BahadirOzen"]
[Result "1-0"]
[WhiteElo "2408"]
[BlackElo "2661"]
[TimeControl "180+1"]
[EndTime "10:54:44 PDT"]
[Termination "harlem4brew won by resignation"]

1. e4 g6 2. Nf3 d6 3. d4 Nf6 4.
Nc3 Bg7 5. Be2 O-O 6. O-O e6 7. h3 Nc6 8. Be3 h6 9. Qd2 Kh7 10. Rad1 a6 11. a4 b6 12. Rfe1 Bb7 13. d5 exd5 14.
exd5 Ne7 15. Bc4 b5 16. axb5 axb5 17. Bxb5 Nexd5 18. Nxd5 Bxd5 19. Nd4 Qb8 20. c4 Bb7 21. Nc6 Qc8 22. b4 Qf5 23. Bd4 Ng8 24. Na5 Bc8 25.
Bc6 Ra6 26. b5 Bxd4 27. bxa6 Bxf2+ 28. Qxf2 Qxa5 29. Re8 Rxe8 30. Qxf7+ Kh8 31. Qxe8 1-0

[Event "*** Titled Tuesday Blitz"]
[Site "Chess.com"]
[Date "2021.04.27"]
[Round "5"]
[White "Leo_C"]
[Black "Guzman70"]
[Result "1-0"]
[WhiteElo "2463"]
[BlackElo "2290"]
[TimeControl "180+1"]
[EndTime "10:54:44 PDT"]
[Termination "Leo_C won by resignation"]

1. d4 Nf6 2. c4 c5 3. d5 b5 4. cxb5 a6 5. e3 g6 6. Nc3 Bg7 7. Nf3 O-O 8. a4 d6 9. e4 e6 10.
dxe6 Bxe6 11. Be2 axb5 12. Bxb5 d5 13. Bg5 d4 14. e5 dxc3 15. Qxd8 Rxd8 16. bxc3 Nbd7 17.
exf6 Nxf6 18. O-O Rdb8 19. c4 Ne4 20. Bf4 Bxa1 21. Bxb8 Bf6 22. Be5 Bxe5 23. Nxe5 Nd2 24. Rd1 Ne4 25. Nc6 Nc3 26. Rd8+ Rxd8 27. Nxd8 Bc8 28. Nc6 Na2 29. a5 Nb4 30. Ne7+ 1-0

[Event "*** Titled Tuesday Blitz"]
[Site "Chess.com"]
[Date "2021.04.27"]
[Round "5"]
[White "Oleksandr_Bortnyk"]
[Black "Arystanner"]
[Result "1-0"]
[WhiteElo "2972"]
[BlackElo "2827"]
[TimeControl "180+1"]
[EndTime "10:54:50 PDT"]
[Termination "Oleksandr_Bortnyk won by checkmate"]

1. e4 c6 2. d4 d5 3. Nc3 dxe4 4. Nxe4 Nf6 5. Nxf6+ exf6 6. c3 Bd6 7. Bd3 Na6 8. Qc2 Nc7 9. Ne2 h5 10. O-O h4 11.
Bf4 Nd5 12. Rfe1 Kf8 13. Bxd6+ Qxd6 14. a3 g6 15. c4 Nf4 16. Nxf4 Qxf4 17. Re4 Qd6 18.
Rae1 Kg7 19. Re7 Rh6 20. c5 Qxd4 21. Qb3 Qd5 22. Bc4 Qd8 23. Bxf7 Rh8 24. Be8+ Kh6 25. Qf7 Kg5 26. Qxg6+ Kf4 27. R7e4# 1-0

[Event "*** Titled Tuesday Blitz"]
[Site "Chess.com"]
[Date "2021.04.27"]
[Round "5"]
[White "Zq1"]
[Black "platy3"]
[Result "0-1"]
[WhiteElo "2543"]
[BlackElo "2853"]
[TimeControl "180+1"]
[EndTime "10:54:50 PDT"]
[Termination "platy3 won by resignation"]

1. Nf3 Nf6 2. c4 e6 3. Nc3 d5 4.
d4 dxc4 5. Bg5 a6 6. e4 b5 7. e5 h6 8. Bh4 g5 9. Nxg5 hxg5 10.
Bxg5 Nbd7 11. Qf3 Rb8 12. Ne4 Bb4+ 13. Ke2 Bb7 14. Nxf6+ Nxf6 15. Qxf6 Qxd4 16. Rd1 Qe4+ 17. Be3 Rg8 18. h4 Qc2+ 19. Bd2 Rd8 20. Qf4 Rg4 0-1

[Event "*** Titled Tuesday Blitz"]
[Site "Chess.com"]
[Date "2021.04.27"]
[Round "5"]
[White "DenLaz"]
[Black "sorrm8thatscheckm8"]
[Result "1-0"]
[WhiteElo "2816"]
[BlackElo "2563"]
[TimeControl "180+1"]
[EndTime "10:54:51 PDT"]
[Termination "DenLaz won by resignation"]

1. d4 Nf6 2. c4 g6 3. Nc3 Bg7 4.
e4 d6 5. Be2 O-O 6. Be3 e5 7. Nf3 Ng4 8. Bg5 f6 9. Bh4 g5 10. Bg3 Nh6 11. d5 a5 12. Nd2 f5 13.
exf5 Nxf5 14. O-O Na6 15. Nde4 Nd4 16. Bg4 h6 17. Bxc8 Qxc8 18. f3 Qf5 19. Bf2 Rae8 20.
Nb5 Nxb5 21. cxb5 Nb8 22. b6 Qd7 23. bxc7 Qxc7 24. Rc1 Qd8 25. Qb3 Rf7 26. Bb6 Qd7 27. Rc7 Qxc7 28. Bxc7 Rxc7 29. Nxd6 Ree7 30. Nf5 Rf7 31.
d6 Rd7 32. Qe6 Nc6 33. Rc1 Kf8 34. g4 Rd8 35. Rxc6 1-0

[Event "*** Titled Tuesday Blitz"]
[Site "Chess.com"]
[Date "2021.04.27"]
[Round "5"]
[White "jacky72"]
[Black "biostatistician"]
[Result "1-0"]
[WhiteElo "2717"]
[BlackElo "2527"]
[TimeControl "180+1"]
[EndTime "10:54:53 PDT"]
[Termination "jacky72 won by resignation"]

1. d4 Nf6 2. c4 g6 3. Nc3 Bg7 4. e4 d6 5. Be2 O-O 6. Bg5 c5 7. d5 a6 8. a4 e6 9. Nf3 exd5 10. cxd5 h6 11. Be3 Ng4 12. Bf4 f5 13. exf5 Bxf5 14.
O-O Qe7 15. h3 Ne5 16. Nxe5 Bxe5 17. Bxh6 Nd7 18. Bxf8 Rxf8 19. Bg4 Qg5 20. Bxf5 Rxf5 21. Qg4 Nf6 22. Qxg5 Rxg5 23. f4 Bd4+ 24. Kh2 Rh5 25. Ne2 Ng4+ 26. Kg3 Ne3 27. Rf3 Rxd5 28. Nxd4 cxd4 29.
Rc1 Nf5+ 30. Kf2 d3 31. g4 Ne7 32. Rd1 d2 33. Ke2 Rd4 34. Rxd2 Rxa4 35. Rxd6 Nc6 36. Re3 Rxf4 37. Rd7 Kf8 38. Rxb7 Nd4+ 39. Kd3 Nb5 40.
Re6 Rf3+ 41. Ke4 Rxh3 42. Rxa6 1-0

[Event "*** Titled Tuesday Blitz"]
[Site "Chess.com"]
[Date "2021.04.27"]
[Round "5"]
[White "Alex-11211"]
[Black "Kildepiotr"]
[Result "1-0"]
[WhiteElo "2450"]
[BlackElo "2627"]
[TimeControl "180+1"]
[EndTime "10:54:57 PDT"]
[Termination "Alex-11211 won by resignation"]

1. e4 g6 2. d4 Bg7 3. Nc3 c6 4. Nf3 d6 5. a4 Nf6 6. Be3 O-O 7. Qd2 Nbd7 8. Bh6 e5 9. Bxg7 Kxg7 10. Bc4 Qe7 11. O-O b6 12. h3 Bb7 13. Rfe1 a6 14. Bd3 b5 15. Ne2 exd4 16. axb5 c5 17. bxa6 Bxe4 18. Ng3 d5 19. Ng5 Qd6 20. N5xe4 dxe4 21.
Nxe4 Nxe4 22. Rxe4 Nf6 23. Ree1 Nd5 24. Qg5 Nb4 25.
Qe5+ Qxe5 26. Rxe5 Rfc8 27. Bc4 Ra7 28. c3 dxc3 29.
bxc3 Nc6 30. Rxc5 Rcc7 31. Bd5 Nd8 32. Rxc7 Rxc7 33. a7 1-0

[Event "*** Titled Tuesday Blitz"]
[Site "Chess.com"]
[Date "2021.04.27"]
[Round "5"]
[White "Karttunen"]
[Black "chessbia"]
[Result "1-0"]
[WhiteElo "2512"]
[BlackElo "2336"]
[TimeControl "180+1"]
[EndTime "10:54:57 PDT"]
[Termination "Karttunen won by resignation"]

1. e4 e5 2. Nf3 Nc6 3. Bb5 a6 4. Ba4 Nf6 5. O-O Be7 6. Re1 b5 7. Bb3 d6 8. c3 O-O 9. h3 Bb7 10. d4 Re8 11. Ng5 Rf8 12. Nf3 Re8 13. Nbd2 exd4 14.
cxd4 Na5 15. Bc2 c5 16. d5 Nd7 17. Nf1 Bf6 18. Rb1 Rc8 19. Ne3 Nf8 20. b3 Bc3 21. Bd2 Bxd2 22. Qxd2 Ng6 23. Nf5 b4 24. a3 Qb6 25. Ra1 c4 26. Qxb4 Qxb4 27. axb4 Nxb3 28. Bxb3 cxb3 29. Nxd6 Rb8 30. Nxe8 Rxe8 31. Rab1 1-0

[Event "*** Titled Tuesday Blitz"]
[Site "Chess.com"]
[Date "2021.04.27"]
[Round "5"]
[White "dozer80"]
[Black "The_Machine04"]
[Result "0-1"]
[WhiteElo "2633"]
[BlackElo "2457"]
[TimeControl "180+1"]
[EndTime "10:54:58 PDT"]
[Termination "The_Machine04 won by checkmate"]

1. e4 d6 2. d4 Nf6 3. Nc3 e5 4. Nf3 Nbd7 5. Bc4 Be7 6. a4 c6 7. h3 h6 8. a5 Qc7 9. O-O Nf8 10.
Re1 g5 11. d5 Ng6 12. Nd2 g4 13. hxg4 Bxg4 14. f3 Bd7 15. a6 Qb6+ 16. Kf1 Nh5 17.
g4 Ngf4 18. Ne2 Nh3 19. Kg2 N5f4+ 20. Nxf4 Nxf4+ 21. Kf1 Nh3 22. Kg2 Qf2+ 23. Kh1 h5 24.
g5 Nf4 25. Re2 Nxe2 26. Qxe2 Qxe2 27. Bxe2 b6 28. dxc6 Bxc6 29. Nc4 Rg8 30. Be3 Kd7 31. Rd1 Kc7 32. f4 exf4 33. Bxf4 Bxe4+ 34. Kh2 Rad8 35. Na3 Bc6 36. Bc4 Bxg5 37. Bg3 h4 38. Bf2 Bf6 39. Bf1 Be5+ 40. Kh3 Bd7+ 41. Kxh4 Rg4+ 42. Kh5 Rh8# 0-1

[Event "*** Titled Tuesday Blitz"]
[Site "Chess.com"]
[Date "2021.04.27"]
[Round "5"]
[White "alexrustemov"]
[Black "TigrVShlyape"]
[Result "1/2-1/2"]
[WhiteElo "2598"]
[BlackElo "2818"]
[TimeControl "180+1"]
[EndTime "10:55:00 PDT"]
[Termination "Game drawn by agreement"]

1. d4 Nf6 2. c4 e6 3. Nf3 b6 4.
a3 c6 5. Nc3 d5 6. cxd5 cxd5 7.
Bf4 Bd6 8. Bxd6 Qxd6 9. Nb5 Qd8 10. Rc1 Na6 11. e3 O-O 12. Bd3 Bb7 13. O-O Qe7 14.
Qa4 Rfc8 15. Rxc8+ Bxc8 16. Rc1 Bb7 17. Ne5 Ne8 18.
Nc6 Bxc6 19. Rxc6 Nac7 20. Nxc7 Nxc7 21. Ba6 Ne8 22. Qc2 g6 23. g3 Rd8 24. Bd3 Kg7 25.
b4 Rd7 26. Qc3 Rc7 27. Kf1 Qd7 28. Rxc7 Qxc7 29. Qxc7 Nxc7 30. Ke2 1/2-1/2

[Event "*** Titled Tuesday Blitz"]
[Site "Chess.com"]
[Date "2021.04.27"]
[Round "5"]
[White "KubaGepard"]
[Black "pastouche06"]
[Result "0-1"]
[WhiteElo "2406"]
[BlackElo "2574"]
[TimeControl "180+1"]
[EndTime "10:55:00 PDT"]
[Termination "pastouche06 won by resignation"]

1. d4 d5 2. Nf3 Nf6 3. Bf4 c5 4. e3 Nc6 5. Nbd2 e6 6. c3 Bd6 7. Bg3 O-O 8. Bd3 b6 9. Qe2 Bb7 10. Rd1 Re8 11. e4 Be7 12. e5 Nh5 13. h4 g6 14. Bh2 f5 15. exf6 Bxf6 16. g4 Ng7 17. g5 Be7 18. Be5 Nh5 19. Nf1 Bd6 20. Ng3 Bxe5 21. Nxh5 Bh8 22. Nf6+ Bxf6 23. gxf6 Qxf6 24.
Ne5 cxd4 25. Nxc6 Bxc6 26. cxd4 e5 27. O-O Qxh4 28. dxe5 Qg5+ 29. Kh2 Qf4+ 30. Kh3 Rxe5 0-1

[Event "*** Titled Tuesday Blitz"]
[Site "Chess.com"]
[Date "2021.04.27"]
[Round "5"]
[White "ukchessbomber"]
[Black "Homino"]
[Result "1-0"]
[WhiteElo "2512"]
[BlackElo "2327"]
[TimeControl "180+1"]
[EndTime "10:55:07 PDT"]
[Termination "ukchessbomber won on time"]

1. Nf3 c5 2. b3 Nf6 3. Bb2 g6 4. e3 Bg7 5. Be2 O-O 6. O-O d5 7. d4 cxd4 8. exd4 Nc6 9. Nbd2 a5 10. a3 Be6 11. c4 a4 12. c5 axb3 13. Nxb3 Ne4 14.
Nfd2 b6 15. Nxe4 dxe4 16. Bb5 Bxb3 17. Qxb3 Nxd4 18. Qc4 bxc5 19. Rad1 Qb6 20. a4 Nxb5 21. Bxg7 Kxg7 22. axb5 f5 23. Rd7 Rf7 24. Qc3+ Kg8 25.
Qb3 Qf6 26. b6 Rb8 27. b7 Kg7 28. Rfd1 e6 29. g3 c4 30. Qb6 1-0

[Event "*** Titled Tuesday Blitz"]
[Site "Chess.com"]
[Date "2021.04.27"]
[Round "5"]
[White "MFBerna"]
[Black "barbara25"]
[Result "1-0"]
[WhiteElo "2459"]
[BlackElo "2289"]
[TimeControl "180+1"]
[EndTime "10:55:08 PDT"]
[Termination "MFBerna won by resignation"]

1. e4 c5 2. Nf3 d6 3. d4 cxd4 4. Nxd4 Nf6 5. Nc3 a6 6. Be2 e5 7.
Nb3 Be7 8. O-O Be6 9. f4 O-O 10. f5 Bxb3 11. axb3 Nbd7 12. Be3 Rc8 13. Kh1 Qc7 14.
b4 Rfd8 15. Qe1 Nb6 16. Bg5 d5 17. Bxf6 Bxf6 18. exd5 Nxd5 19. Nxd5 Rxd5 20. Bf3 Rd4 21. c3 Rf4 22. Qe2 Rd8 23. Rad1 Rxd1 24. Rxd1 Rxf5 25. Qe4 Rf4 26. Qxb7 Qxb7 27. Bxb7 Rf2 28. Bxa6 Rxb2 29. b5 g5 30. c4 e4 31. c5 Be5 32. b6 e3 33. g3 Rc2 34. Rd5 f6 35. Rxe5 fxe5 36.
b7 Rb2 37. c6 Rb1+ 38. Kg2 Rb2+ 39. Kf3 e2 40. Bxe2 Rb3+ 41. Ke4 1-0

[Event "*** Titled Tuesday Blitz"]
[Site "Chess.com"]
[Date "2021.04.27"]
[Round "5"]
[White "klimkoj"]
[Black "noblerone"]
[Result "1-0"]
[WhiteElo "2613"]
[BlackElo "2391"]
[TimeControl "180+1"]
[EndTime "10:55:09 PDT"]
[Termination "klimkoj won by checkmate"]

1. e4 c5 2. Nf3 e6 3. d4 cxd4 4. Nxd4 Qb6 5. Nb3 Qc7 6. Bd3 Nf6 7. O-O Be7 8. Nc3 a6 9. f4 d6 10. Be3 b5 11. a3 Bb7 12. Qf3 h5 13. h3 Nc6 14. g3 Nd7 15. Kh2 h4 16. g4 Nc5 17.
Qf2 Nxd3 18. cxd3 Bd8 19. Rac1 Qd7 20. d4 Ne7 21. Rfd1 f5 22. d5 fxg4 23. hxg4 exd5 24. f5 dxe4 25. Nc5 Qc7 26. Ne6 Qb8 27. Bf4 Nc6 28. Bxd6 Qa7 29. Qxa7 Rxa7 30. Nxe4 Kf7 31. Bc5 Ra8 32.
Rd7+ Kg8 33. Rxg7# 1-0